[Event "ICC tourney 2955 (40 10)"]
[Site "Internet Chess Club"]
[Date "2022.07.09"]
[Round "1"]
[White "Yang, Daniel Benji Benji:DanielYang99"]
[Black "Rajagopal, Mridhulaa:MridhulaaRaj"]
[Result "1-0"]
[ICCResult "Black checkmated"]
[WhiteElo "1257"]
[BlackElo "772"]
[Opening "Giuoco Piano: Greco's attack"]
[ECO "C54"]
[NIC "IG.02"]
[Time "11:00:18"]
[PlyCount "57"]
[TimeControl "2400+10"]

1. e4 e5 2. Nf3 Nc6 3. Bc4 Bc5 4. c3 Nf6 5. d4 exd4 6. cxd4 Bb4+ 7. Nc3
Bxc3+ 8. bxc3 Nxe4 9. Qb3 O-O 10. O-O d6 11. h3 h6 12. Re1 Nf6 13. Bd3 Na5
14. Qc2 b6 15. Bb2 Bb7 16. Nd2 Nh5 17. Nb3 Nxb3 18. axb3 Nf4 19. Be4 Rb8 20.
Rxa7 Bxe4 21. Rxe4 Qg5 22. f3 Nxh3+ 23. Kf1 Nf4 24. Bc1 Ra8 25. Rxa8 Rxa8
26. Bxf4 Ra1+ 27. Kf2 Qh4+ 28. Bg3 Qg5 29. Re8# {Black checkmated} 1-0

[Event "ICC tourney 2955 (40 10)"]
[Site "Internet Chess Club"]
[Date "2022.07.09"]
[Round "1"]
[White "Pandina, Jake:JakeAlo"]
[Black "Yang, Leah:Leahyang0713"]
[Result "1-0"]
[ICCResult "Black checkmated"]
[WhiteElo "1190"]
[BlackElo "687"]
[Opening "French: King's Indian attack"]
[ECO "C00"]
[NIC "FR.02"]
[Time "11:00:38"]
[PlyCount "83"]
[TimeControl "2400+10"]

1. e4 e6 2. d3 d5 3. Nd2 c5 4. Ngf3 Nc6 5. g3 Nf6 6. Bg2 Bd6 7. O-O O-O 8.
Re1 e5 9. exd5 Nxd5 10. Ne4 Bf5 11. Nxd6 Qxd6 12. b3 Rfe8 13. Bb2 Rad8 14.
Qd2 e4 15. dxe4 Rxe4 16. Nh4 Rxe1+ 17. Rxe1 Be6 18. Rd1 Qd7 19. Qg5 Nd4 20.
Bxd4 cxd4 21. Rxd4 f6 22. Qd2 g5 23. Nf3 Qe7 24. c4 Qc5 25. cxd5 Rxd5 26.
Rxd5 Bxd5 27. Nd4 Be4 28. Bxe4 Qe5 29. Qd3 Qe7 30. Qc4+ Kf8 31. Qc8+ Kg7 32.
Nf5+ Kf7 33. Nxe7 Kxe7 34. Qxb7+ Ke6 35. Qd5+ Ke7 36. Bxh7 f5 37. Bxf5 g4
38. Qe6+ Kf8 39. Bg6 Kg7 40. Qf7+ Kh6 41. h4 a5 42. Qh7# {Black checkmated}
1-0

[Event "ICC tourney 2955 (40 10)"]
[Site "Internet Chess Club"]
[Date "2022.07.09"]
[Round "1"]
[White "WESLEY, GEORGE:Maglars"]
[Black "BABARIA, RAJVI RAKESH:rajvibabaria1"]
[Result "1/2-1/2"]
[ICCResult "Game drawn by repetition"]
[WhiteElo "1062"]
[BlackElo "1333"]
[Opening "English: Carls' Bremen system"]
[ECO "A22"]
[NIC "EO.10"]
[Time "11:01:28"]
[PlyCount "93"]
[TimeControl "2400+10"]

1. c4 e5 2. Nc3 Nf6 3. g3 Bc5 4. e3 Nc6 5. Bg2 O-O 6. Nge2 d6 7. O-O Be6 8.
d4 exd4 9. exd4 Bxc4 10. dxc5 dxc5 11. Bxc6 bxc6 12. Bg5 Re8 13. Qxd8 Raxd8
14. Rfe1 Bxe2 15. Nxe2 h6 16. Bxf6 gxf6 17. Kf1 Rd2 18. b3 Kg7 19. Nc3 Red8
20. Rad1 Kf8 21. Rxd2 Rxd2 22. Ra1 Rd4 23. Rd1 Rb4 24. Rd7 c4 25. Rd4 Ke7
26. Rxc4 Rxc4 27. bxc4 f5 28. f4 Kd6 29. Ke2 Kc5 30. Kd3 Kb4 31. Kd4 c5+ 32.
Kd3 c6 33. Nb1 a5 34. a3+ Kb3 35. Nd2+ Kxa3 36. Kc3 a4 37. Nf3 Ka2 38. Kc2
Ka1 39. Kc1 Ka2 40. Kc2 Ka1 41. Kc1 Ka2 42. Kc2 Ka1 43. Kc1 Ka2 44. Kc2 Ka1
45. Kc1 Ka2 46. Kc2 Ka1 47. Kc1 {Game drawn by repetition} 1/2-1/2

[Event "ICC tourney 2955 (40 10)"]
[Site "Internet Chess Club"]
[Date "2022.07.09"]
[Round "1"]
[White "Cao, Frank Zhongtian:FrankCao"]
[Black "Mishra, Abhinav:acm9000"]
[Result "1-0"]
[ICCResult "Black resigns"]
[WhiteElo "743"]
[BlackElo "1208"]
[Opening "Caro-Kann: exchange variation"]
[ECO "B13"]
[NIC "CK.02"]
[Time "11:00:34"]
[PlyCount "68"]
[TimeControl "2400+10"]

1. e4 c6 2. d4 d5 3. exd5 cxd5 4. Bd3 Nc6 5. c3 Nf6 6. h3 e5 7. dxe5 Nxe5 8.
Nf3 Nxd3+ 9. Qxd3 Bd6 10. O-O O-O 11. Bg5 h6 12. Bxf6 Qxf6 13. Nbd2 Rd8 14.
Rfe1 Bf5 15. Qd4 Qg6 16. Nh4 Qg5 17. Nxf5 Qxf5 18. Nf3 Rac8 19. Qxa7 Ra8 20.
Qd4 b6 21. a3 Bc5 22. Qd2 Rac8 23. Re5 Qd7 24. Rd1 Rc6 25. Rxd5 Rd6 26. Rxd6
Qxd6 27. Qxd6 Bxd6 28. Kf1 Kf8 29. Ke2 Re8+ 30. Kd3 Rd8 31. Kc2 Ke7 32. Nd4
g6 33. Nc6+ Kd7 34. Nxd8 Kxd8 {Black resigns} 1-0

[Event "ICC tourney 2955 (40 10)"]
[Site "Internet Chess Club"]
[Date "2022.07.09"]
[Round "1"]
[White "WENG, JOHNSON:K01-30136161"]
[Black "Jiang, Zen:zenjiang"]
[Result "1/2-1/2"]
[ICCResult "Game drawn by mutual agreement"]
[WhiteElo "1226"]
[BlackElo "748"]
[Opening "Giuoco Piano"]
[ECO "C54"]
[NIC "IG.02"]
[Time "11:00:22"]
[PlyCount "112"]
[TimeControl "2400+10"]

1. e4 e5 2. Nf3 Nc6 3. Bc4 Bc5 4. c3 Nf6 5. d3 h6 6. a4 a5 7. O-O O-O 8. h3
d6 9. Re1 Re8 10. Nbd2 Be6 11. Bb3 Qd7 12. Bxe6 Qxe6 13. Nf1 Rad8 14. c4 Qd7
15. Ng3 Ne7 16. Qb3 c6 17. Bd2 Qc7 18. Bc3 Nc8 19. Nf5 Ne7 20. Nxe7+ Rxe7
21. Qc2 Qb6 22. Qd2 Ra8 23. Nh4 Ree8 24. Nf5 Kh7 25. Rf1 Nh5 26. Qe2 Nf4 27.
Qf3 Re6 28. Bd2 Ng6 29. Be3 Rf6 30. Bxc5 Qxc5 31. Qe3 Qb4 32. Kh2 Nf4 33. f3
Qxb2 34. Qf2 Qxf2 35. Rxf2 Nxd3 36. Rd2 Nb4 37. Rxd6 Rxd6 38. Nxd6 Nc2 39.
Rc1 Nd4 40. Nxb7 Ra7 41. Nc5 Kg6 42. Rb1 Nc2 43. Rb7 Ra8 44. Rc7 Nd4 45. Nd7
f6 46. Nb6 Ra6 47. c5 h5 48. h4 Kh6 49. Kh3 Kg6 50. Kg3 Ne2+ 51. Kf2 Nd4 52.
Ke3 Kh6 53. f4 Kg6 54. f5+ Kh6 55. Rc8 Kh7 56. g3 Ra7
{Game drawn by mutual agreement}
1/2-1/2

[Event "ICC tourney 2955 (40 10)"]
[Site "Internet Chess Club"]
[Date "2022.07.09"]
[Round "1"]
[White "Bharathy Mohan, Aarav Sai:aaravbm"]
[Black "Jiang, Albert:AlbertJiang"]
[Result "1-0"]
[ICCResult "Black checkmated"]
[WhiteElo "1169"]
[BlackElo "554"]
[Opening "Giuoco Piano"]
[ECO "C54"]
[NIC "IG.02"]
[Time "11:00:37"]
[PlyCount "63"]
[TimeControl "2400+10"]

1. e4 e5 2. Nf3 Nc6 3. Bc4 Bc5 4. c3 Nf6 5. d3 d5 6. exd5 Nxd5 7. Qb3 Be6 8.
Qxb7 Nde7 9. Bxe6 fxe6 10. Bg5 O-O 11. Qxc6 Nxc6 12. Bxd8 Raxd8 13. Ke2 Rd7
14. Rd1 Rfd8 15. b4 Bb6 16. Na3 Kf7 17. b5 e4 18. Ng5+ Kg6 19. bxc6 Rxd3 20.
Nxe4 Rxd1 21. Rxd1 Rxd1 22. Kxd1 Kf5 23. Ng3+ Kg4 24. Ke2 Bc5 25. Nb5 Bb6
26. c4 a6 27. c5 Ba5 28. Nd4 e5 29. Ne6 g5 30. h3+ Kh4 31. Kf3 h5 32. Nf5#
{Black checkmated}
1-0

[Event "ICC tourney 2955 (40 10)"]
[Site "Internet Chess Club"]
[Date "2022.07.09"]
[Round "1"]
[White "Jones, Richard S:weakfish"]
[Black "NANDURBARKAR, ANSH S:anandurbarkar"]
[Result "1-0"]
[ICCResult "Black checkmated"]
[WhiteElo "1354"]
[BlackElo "1131"]
[Opening "Ruy Lopez: Berlin defense, Beverwijk variation"]
[ECO "C65"]
[NIC "RL.07"]
[Time "11:00:21"]
[PlyCount "85"]
[TimeControl "2400+10"]

1. e4 e5 2. Nf3 Nc6 3. Bb5 Nf6 4. O-O Bc5 5. d3 O-O 6. Bxc6 dxc6 7. Nxe5 Qd6
8. Nf3 Bg4 9. h3 Bh5 10. Bg5 Nd7 11. Nbd2 Ne5 12. g4 Nxg4 13. hxg4 Qg3+ 14.
Kh1 Qh3+ 15. Nh2 Bd6 16. f4 Bg6 17. Rf3 Qxf3+ 18. Qxf3 f6 19. Bh4 Bf7 20.
Bg3 Rfe8 21. f5 Bc5 22. c3 a6 23. Bxc7 Rac8 24. Bf4 Rcd8 25. d4 Ba7 26. g5
fxg5 27. Bxg5 Rd7 28. Qg4 h5 29. Qg2 c5 30. Bf6 Bd5 31. exd5 Rf8 32. Be5
Rxf5 33. Qg6 Rf2 34. Qe8+ Kh7 35. Qxh5+ Kg8 36. Qe8+ Kh7 37. Qxd7 Rxd2 38.
Qxb7 Kh6 39. Qxg7+ Kh5 40. Qxa7 cxd4 41. Qh7+ Kg5 42. Rg1+ Rg2 43. Rxg2#
{Black checkmated}
1-0

[Event "ICC tourney 2955 (40 10)"]
[Site "Internet Chess Club"]
[Date "2022.07.09"]
[Round "1"]
[White "ANGELCHIK, JACOB:t105mm"]
[Black "Wang, Chase:chensix"]
[Result "1-0"]
[ICCResult "Black checkmated"]
[WhiteElo "1284"]
[BlackElo "918"]
[Opening "Réti: King's Indian attack"]
[ECO "A05"]
[NIC "QP.11"]
[Time "11:00:15"]
[PlyCount "49"]
[TimeControl "2400+10"]

1. Nf3 Nf6 2. g3 g6 3. Bg2 Bg7 4. d3 d5 5. O-O O-O 6. Bg5 c5 7. Qd2 Nc6 8.
Nc3 e5 9. e4 d4 10. Nd5 b5 11. Rac1 c4 12. dxc4 bxc4 13. Nxe5 Nxe5 14. f4
Nc6 15. e5 Rb8 16. exf6 h6 17. fxg7 hxg5 18. gxf8=Q+ Kxf8 19. fxg5 Rxb2 20.
Qf4 Be6 21. Nc7 Qd7 22. Nxe6+ Qxe6 23. Rce1 Qd7 24. Bxc6 Qxc6 25. Qxf7#
{Black checkmated}
1-0

[Event "ICC tourney 2955 (40 10)"]
[Site "Internet Chess Club"]
[Date "2022.07.09"]
[Round "1"]
[White "Singh, Saharsh:saharshsingh02"]
[Black "STONE, GILBERT L:tightfist"]
[Result "1-0"]
[ICCResult "Black forfeits on time"]
[WhiteElo "798"]
[BlackElo "1283"]
[Opening "QGD: 4.Nf3"]
[ECO "D37"]
[NIC "QO.16"]
[Time "11:00:36"]
[PlyCount "109"]
[TimeControl "2400+10"]

1. d4 d5 2. c4 e6 3. Nc3 Nf6 4. Nf3 Be7 5. Qb3 O-O 6. cxd5 exd5 7. Bg5 c6 8.
e3 Nbd7 9. Bd3 Re8 10. O-O Qb6 11. Qc2 g6 12. Rfe1 Nh5 13. Bh6 Bf8 14. Bg5
Kg7 15. e4 f6 16. Bd2 dxe4 17. Rxe4 Rxe4 18. Bxe4 Bd6 19. g4 Nf4 20. Kh1 Nd5
21. Nxd5 cxd5 22. Bxd5 Nf8 23. g5 Bf5 24. gxf6+ Kxf6 25. Qc1 Ne6 26. Bxe6
Bxe6 27. Bg5+ Kf7 28. Ne5+ Bxe5 29. dxe5 Bd5+ 30. Kg1 Be6 31. Qf4+ Bf5 32.
Rd1 Qxb2 33. Rd7+ Kf8 34. Bh6+ Ke8 35. Rxh7 Qb1+ 36. Kg2 Be4+ 37. Kg3 Qg1+
38. Kh4 Bf5 39. Rh8+ Kf7 40. Rxa8 Qf1 41. Qg3 Qc4+ 42. f4 Qxa2 43. Rf8+ Ke6
44. Rf6+ Ke7 45. Bf8+ Ke8 46. e6 Qe2 47. Rxg6 Kxf8 48. Rf6+ Ke7 49. Qg7+ Kd6
50. Rxf5 Qxh2+ 51. Kg5 Qg3+ 52. Kf6 Qc3+ 53. Re5 Qc8 54. Qe7+ Kc6 55. Rc5+
{Black forfeits on time}
1-0

[Event "ICC tourney 2955 (40 10)"]
[Site "Internet Chess Club"]
[Date "2022.07.09"]
[Round "1"]
[White "Johns, Timothy Wesley:nishanth600"]
[Black "LAIDO, MATTHEW:Dabao"]
[Result "1-0"]
[ICCResult "Black forfeits on time"]
[WhiteElo "647"]
[BlackElo "1173"]
[Opening "Giuoco Piano"]
[ECO "C54"]
[NIC "IG.02"]
[Time "11:00:28"]
[PlyCount "81"]
[TimeControl "2400+10"]

1. e4 e5 2. Nf3 Nc6 3. Bc4 Bc5 4. c3 Nf6 5. d4 exd4 6. cxd4 Bb4+ 7. Bd2
Bxd2+ 8. Nbxd2 d5 9. exd5 Nxd5 10. Qb3 Na5 11. Qb5+ c6 12. Qc5 b6 13. Qa3
Bb7 14. O-O Qf6 15. Bxd5 cxd5 16. Rfe1+ Kd7 17. Ne5+ Kd8 18. Rac1 Nc6 19.
Ndf3 h6 20. Qa4 Nxe5 21. Nxe5 Qe6 22. Kf1 b5 23. Qa5+ Qb6 24. Qxb6+ axb6 25.
Nxf7+ Kd7 26. Nxh8 Rxh8 27. Re3 Rf8 28. Rce1 Rf7 29. Ke2 Ba6 30. b4 Bc8 31.
f3 Kd6 32. g4 Bd7 33. Kd3 g5 34. h3 Rg7 35. Kc3 Rf7 36. Kb3 Rg7 37. a3 Rf7
38. Rf1 Rf4 39. Kc3 Rf7 40. Re2 Rf4 41. Rh2 {Black forfeits on time} 1-0

[Event "ICC tourney 2955 (40 10)"]
[Site "Internet Chess Club"]
[Date "2022.07.09"]
[Round "1"]
[White "Morgan, Lakshmi M:luckylol3"]
[Black "HECHT, HENRY:Henhec1001"]
[Result "0-1"]
[ICCResult "White resigns"]
[WhiteElo "1314"]
[BlackElo "1016"]
[Opening "Sicilian: Smith-Morra gambit"]
[ECO "B21"]
[NIC "SI.48"]
[Time "11:00:19"]
[PlyCount "97"]
[TimeControl "2400+10"]

1. e4 c5 2. d4 cxd4 3. c3 dxc3 4. Nxc3 Nc6 5. Nf3 Nf6 6. Bc4 e6 7. O-O a6 8.
a4 Bb4 9. Qc2 Qc7 10. Bd3 Ne5 11. Nxe5 Qxe5 12. Be3 O-O 13. f4 Qa5 14. Na2
Be7 15. Rab1 b5 16. b3 h6 17. Nc3 b4 18. Ne2 Bb7 19. Ng3 Rac8 20. Qe2 Bc5
21. Bxc5 Rxc5 22. Rbd1 Qb6 23. Kh1 d6 24. f5 Re5 25. Qc2 Rc8 26. Qb1 Rc3 27.
Rc1 Qd4 28. Rxc3 Qxc3 29. fxe6 fxe6 30. h3 d5 31. Ne2 Qc6 32. Rc1 Qd6 33.
exd5 Qxd5 34. Nf4 Qd6 35. Rd1 Nd5 36. Bh7+ Kf8 37. Ng6+ Ke8 38. Nxe5 Qxe5
39. Re1 Qf6 40. Bd3 Nf4 41. Bf1 Nxh3 42. Qc2 Nf4 43. Qf2 Nxg2 44. Rxe6+ Qxe6
45. Bxg2 Qh3+ 46. Kg1 Qxg2+ 47. Qxg2 Bxg2 48. Kxg2 Ke7 49. Kf3 {White
resigns} 0-1

[Event "ICC tourney 2955 (40 10)"]
[Site "Internet Chess Club"]
[Date "2022.07.09"]
[Round "1"]
[White "ZHOU, YUCHEN:K01-30171464"]
[Black "HAMLETT, JAMES MORRISON:Hamlett144"]
[Result "1/2-1/2"]
[ICCResult "Game drawn by repetition"]
[WhiteElo "764"]
[BlackElo "1252"]
[Opening "QGD: Ragozin variation"]
[ECO "D38"]
[NIC "NI.27"]
[Time "11:03:08"]
[PlyCount "112"]
[TimeControl "2400+10"]

1. d4 Nf6 2. Nf3 e6 3. c4 d5 4. Nc3 Bb4 5. Bg5 O-O 6. e3 Nbd7 7. Bd3 c5 8.
O-O Bxc3 9. bxc3 Qc7 10. Bf4 Qc6 11. Qc2 dxc4 12. Bxc4 cxd4 13. cxd4 b5 14.
Bd3 Qxc2 15. Bxc2 Bb7 16. Ne5 Rac8 17. Bd3 Nb6 18. Bxb5 Nfd5 19. Bg3 f6 20.
Nd7 Rf7 21. Nxb6 axb6 22. Rfc1 Nc3 23. Bd3 f5 24. Rc2 Nd5 25. Rxc8+ Bxc8 26.
Rc1 Bb7 27. a3 g5 28. Be5 h5 29. Bb5 g4 30. Be8 Rh7 31. Bc6 Bxc6 32. Rxc6
Ra7 33. Rxe6 Rxa3 34. g3 Nb4 35. Rxb6 Nd3 36. Bf4 Ra1+ 37. Kg2 Ne1+ 38. Kf1
Nf3+ 39. Ke2 Ra2+ 40. Kd3 Rxf2 41. Rf6 Kg7 42. Rxf5 Rxh2 43. Be5+ Kg6 44.
Rf6+ Kg5 45. Rf8 Nxe5+ 46. dxe5 Ra2 47. e6 Ra7 48. Rf7 Ra3+ 49. Ke4 Ra4+ 50.
Kd5 Ra5+ 51. Kd6 Ra6+ 52. Ke7 Kg6 53. Rf6+ Kg7 54. Rf7+ Kg6 55. Rf6+ Kg7 56.
Rf7+ Kg6 {Game drawn by repetition} 1/2-1/2

[Event "ICC tourney 2955 (40 10)"]
[Site "Internet Chess Club"]
[Date "2022.07.09"]
[Round "1"]
[White "JAIN, ISAAC:itg"]
[Black "ZHANG, ARI:brass60Six"]
[Result "1/2-1/2"]
[ICCResult "Game drawn by mutual agreement"]
[WhiteElo "973"]
[BlackElo "1289"]
[Opening "Sicilian"]
[ECO "B50"]
[NIC "SI.01"]
[Time "11:00:31"]
[PlyCount "136"]
[TimeControl "2400+10"]

1. e4 c5 2. Nf3 d6 3. Bc4 e6 4. O-O Nf6 5. Re1 Nc6 6. d3 h6 7. Nc3 Be7 8.
Be3 O-O 9. Qd2 Ng4 10. h3 Nxe3 11. fxe3 Bf6 12. d4 cxd4 13. exd4 a6 14. d5
Ne5 15. Nxe5 Bxe5 16. Rf1 Qb6+ 17. Kh1 Qxb2 18. Na4 Qd4 19. Qxd4 Bxd4 20.
Rad1 Be5 21. Nb6 Rb8 22. dxe6 fxe6 23. Nxc8 Rfxc8 24. Bxe6+ Kh8 25. Bxc8
Rxc8 26. Rc1 Kg8 27. c4 b6 28. h4 Bd4 29. h5 Rc5 30. Rf5 Rxf5 31. exf5 Kf7
32. g4 Bc5 33. Kg2 Kf6 34. Kf3 Kg5 35. Re1 Kf6 36. Re6+ Kf7 37. Rg6 b5 38.
cxb5 axb5 39. f6 gxf6 40. Rxh6 d5 41. Rh7+ Kg8 42. Rc7 Bd4 43. Rd7 b4 44.
Rxd5 Bc3 45. Kf4 Kg7 46. Kf5 Kh6 47. Rb5 Kg7 48. g5 fxg5 49. Kxg5 Bd2+ 50.
Kg4 Kh6 51. Rb6+ Kg7 52. Ra6 Bc1 53. Ra4 Bd2 54. a3 bxa3 55. Rxa3 Kh6 56.
Ra6+ Kg7 57. Kf5 Kh7 58. Ke6 Kh6 59. Ra5 Bg5 60. Kf5 Kxh5 61. Ra2 Be7 62.
Ra7 Bg5 63. Rg7 Be3 64. Rg3 Bf2 65. Rg2 Be1 66. Rg1 Bf2 67. Rg2 Be1 68. Rg8
Kh4 {Game drawn by mutual agreement} 1/2-1/2

[Event "ICC tourney 2955 (40 10)"]
[Site "Internet Chess Club"]
[Date "2022.07.09"]
[Round "2"]
[White "Singh, Saharsh:saharshsingh02"]
[Black "Yang, Daniel Benji Benji:DanielYang99"]
[Result "0-1"]
[ICCResult "White checkmated"]
[WhiteElo "798"]
[BlackElo "1257"]
[Opening "QGD: exchange variation"]
[ECO "D35"]
[NIC "QO.16"]
[Time "13:17:01"]
[PlyCount "44"]
[TimeControl "2400+10"]

1. d4 d5 2. c4 e6 3. Nc3 Nf6 4. cxd5 exd5 5. Qb3 b6 6. g3 Be6 7. Bg2 Be7 8.
Qa4+ Nbd7 9. Qc6 O-O 10. Nxd5 Nxd5 11. Bxd5 Nb8 12. Qxa8 Bxd5 13. Qxa7 Bxh1
14. Nf3 Bxf3 15. exf3 Bb4+ 16. Bd2 Bxd2+ 17. Kxd2 Qxd4+ 18. Kc1 Qc4+ 19. Kd2
Rd8+ 20. Ke3 Qe6+ 21. Kf4 Rd4+ 22. Kg5 Qg6# {White checkmated} 0-1

[Event "ICC tourney 2955 (40 10)"]
[Site "Internet Chess Club"]
[Date "2022.07.09"]
[Round "2"]
[White "KODKANI, ARNAV:K05-16604473"]
[Black "Johns, Timothy Wesley:nishanth600"]
[Result "0-1"]
[ICCResult "White checkmated"]
[WhiteElo "1156"]
[BlackElo "647"]
[Opening "Queen's pawn, Mason variation"]
[ECO "D00"]
[NIC "QP.08"]
[Time "13:16:58"]
[PlyCount "90"]
[TimeControl "2400+10"]

1. d4 d5 2. Bf4 Bf5 3. e3 Nf6 4. Nd2 e6 5. Ngf3 Nbd7 6. c4 c5 7. cxd5 Nxd5
8. Bb5 Nxf4 9. exf4 a6 10. Bxd7+ Qxd7 11. Nb3 cxd4 12. Nbxd4 Bb4+ 13. Kf1
Rd8 14. a3 Bc5 15. Ke2 Bxd4 16. Nxd4 Qxd4 17. Qxd4 Rxd4 18. Rac1 O-O 19. Ke3
Rfd8 20. Rc3 Rd3+ 21. Rxd3 Rxd3+ 22. Ke2 h5 23. g3 Rb3 24. a4 Rxb2+ 25. Ke3
a5 26. Ra1 Rb4 27. Kd2 h4 28. Ra2 hxg3 29. fxg3 Be4 30. Kc3 Bc6 31. Rd2 Rxa4
32. Rd8+ Kh7 33. Rf8 Kg6 34. Kd3 Rb4 35. Kc3 Rb6 36. Ra8 Ra6 37. Rh8 a4 38.
Kb2 a3+ 39. Ka1 a2 40. h4 Bd5 41. h5+ Kf6 42. g4 Rb6 43. g5+ Ke7 44. Re8+
Kxe8 45. f5 Rb1# {White checkmated} 0-1

[Event "ICC tourney 2955 (40 10)"]
[Site "Internet Chess Club"]
[Date "2022.07.09"]
[Round "2"]
[White "BABARIA, RAJVI RAKESH:rajvibabaria1"]
[Black "WENG, JOHNSON:K01-30136161"]
[Result "0-1"]
[ICCResult "White checkmated"]
[WhiteElo "1333"]
[BlackElo "1226"]
[Opening "Owen defense"]
[ECO "B00"]
[NIC "VO.01"]
[Time "13:17:02"]
[PlyCount "58"]
[TimeControl "2400+10"]

1. e4 b6 2. Nf3 Bb7 3. Nc3 e6 4. Bc4 Bb4 5. d3 Bxc3+ 6. bxc3 h6 7. Bf4 Nf6
8. O-O O-O 9. Qe2 d5 10. exd5 exd5 11. Bb3 Re8 12. Qd2 c5 13. Rfe1 Nc6 14.
Rxe8+ Qxe8 15. Re1 Qd7 16. Ne5 Nxe5 17. Bxe5 Qf5 18. h3 Re8 19. Bxf6 Rxe1+
20. Qxe1 Qxf6 21. Qe8+ Kh7 22. Qd7 Bc6 23. Qxa7 Qxc3 24. Qxb6 Qe1+ 25. Kh2
Qe5+ 26. g3 Qf6 27. Qxc5 d4 28. Kg1 Qf3 29. Kf1 Qd1# {White checkmated} 0-1

[Event "ICC tourney 2955 (40 10)"]
[Site "Internet Chess Club"]
[Date "2022.07.09"]
[Round "2"]
[White "LAIDO, MATTHEW:Dabao"]
[Black "Jiang, Albert:AlbertJiang"]
[Result "1-0"]
[ICCResult "Black resigns"]
[WhiteElo "1173"]
[BlackElo "554"]
[Opening "Sicilian: Alapin's variation (2.c3)"]
[ECO "B22"]
[NIC "SI.46"]
[Time "13:17:05"]
[PlyCount "59"]
[TimeControl "2400+10"]

1. e4 c5 2. c3 d6 3. d4 cxd4 4. cxd4 Nf6 5. Nc3 d5 6. e5 Ne4 7. Nxe4 dxe4 8.
g3 Nc6 9. Bg2 Qd5 10. Ne2 Bg4 11. Nc3 Bxd1 12. Nxd5 e6 13. Nc7+ Kd8 14. Nxa8
Bc2 15. Be3 Nb4 16. O-O Bd3 17. Rfd1 Be2 18. Rd2 Bd3 19. a3 Nc2 20. Rc1 Nxe3
21. fxe3 Kd7 22. Rc7+ Kd8 23. Rxb7 Kc8 24. Rxa7 Kb8 25. Ra4 Be7 26. Nb6 Kb7
27. Rxd3 Kxb6 28. Rb3+ Kc6 29. Bxe4+ Kc7 30. Rb7+ {Black resigns} 1-0

[Event "ICC tourney 2955 (40 10)"]
[Site "Internet Chess Club"]
[Date "2022.07.09"]
[Round "2"]
[White "Mishra, Abhinav:acm9000"]
[Black "Rajagopal, Mridhulaa:MridhulaaRaj"]
[Result "1-0"]
[ICCResult "Black checkmated"]
[WhiteElo "1208"]
[BlackElo "772"]
[Opening "Queen's pawn, Mason variation"]
[ECO "D00"]
[NIC "QP.08"]
[Time "13:16:57"]
[PlyCount "89"]
[TimeControl "2400+10"]

1. d4 d5 2. Bf4 Nc6 3. e3 e6 4. Nf3 Nf6 5. Nbd2 Bd6 6. Bg3 Bxg3 7. hxg3 h6
8. Bd3 Bd7 9. c3 a6 10. Ng5 Qe7 11. Nb3 e5 12. Nc5 e4 13. Bc2 b6 14. Nxd7
Qxd7 15. c4 Nb4 16. cxd5 Nxc2+ 17. Qxc2 Qxd5 18. Nh3 O-O 19. O-O c5 20. Nf4
Qc6 21. Rfd1 Rfd8 22. Rac1 a5 23. Qb3 a4 24. Ng6 axb3 25. Ne7+ Kh7 26. Nxc6
Rd6 27. Ne5 bxa2 28. Nxf7 Rd7 29. Ne5 Rda7 30. Ra1 Nd5 31. Rdc1 cxd4 32.
exd4 h5 33. Nc4 g5 34. Kh2 Ra4 35. Ne3 Nb4 36. Rc7+ Kh6 37. Rb7 R8a6 38. Re7
g4 39. Rxe4 Nd3 40. Re6+ Kg5 41. f4+ Nxf4 42. gxf4+ Kxf4 43. Rf1+ Kg5 44.
Rf5+ Kh4 45. g3# {Black checkmated} 1-0

[Event "ICC tourney 2955 (40 10)"]
[Site "Internet Chess Club"]
[Date "2022.07.09"]
[Round "2"]
[White "WEI, LUKE:caracleliem2"]
[Black "Jones, Richard S:weakfish"]
[Result "0-1"]
[ICCResult "White checkmated"]
[WhiteElo "1132"]
[BlackElo "1354"]
[Opening "Caro-Kann defense"]
[ECO "B10"]
[NIC "CK.01"]
[Time "13:16:59"]
[PlyCount "118"]
[TimeControl "2400+10"]

1. e4 c6 2. Nf3 d5 3. exd5 cxd5 4. d4 a6 5. Nc3 Bg4 6. h3 Bh5 7. Be2 e6 8.
O-O Nd7 9. Bf4 Ngf6 10. Ne5 Bxe2 11. Qxe2 Bb4 12. Qe3 Rc8 13. Rab1 O-O 14.
Bg5 Be7 15. Qg3 Nh5 16. Qg4 Bxg5 17. Qxh5 Bd2 18. Qf3 Nxe5 19. dxe5 Qc7 20.
Qg3 Bxc3 21. bxc3 b5 22. Rb3 Qa5 23. Ra1 Rc4 24. h4 h6 25. h5 Rfc8 26. Qd3
Rxc3 27. Rxc3 Qxc3 28. Qxc3 Rxc3 29. Rc1 Ra3 30. Ra1 Ra4 31. g3 Rg4 32. Kg2
Rg5 33. f4 Rxh5 34. Rh1 Rxh1 35. Kxh1 Kh7 36. Kg2 Kg6 37. g4 h5 38. g5 Kf5
39. Kf3 g6 40. c3 h4 41. a3 h3 42. Kg3 h2 43. Kxh2 Kxf4 44. Kg2 Kxg5 45. Kf3
Kf5 46. Ke3 Kxe5 47. a4 bxa4 48. c4 dxc4 49. Kd2 Kd4 50. Kc2 c3 51. Kb1 Kd3
52. Kc1 c2 53. Kb2 Kd2 54. Ka1 c1=Q+ 55. Ka2 Qc4+ 56. Kb2 a3+ 57. Ka1 g5 58.
Kb1 Qb3+ 59. Ka1 Qb2# {White checkmated} 0-1

[Event "ICC tourney 2955 (40 10)"]
[Site "Internet Chess Club"]
[Date "2022.07.09"]
[Round "2"]
[White "Cao, Frank Zhongtian:FrankCao"]
[Black "Pandina, Jake:JakeAlo"]
[Result "1-0"]
[ICCResult "Black checkmated"]
[WhiteElo "743"]
[BlackElo "1190"]
[Opening "Ruy Lopez: Cozio defense"]
[ECO "C60"]
[NIC "RL.04"]
[Time "13:16:56"]
[PlyCount "55"]
[TimeControl "2400+10"]

1. e4 e5 2. Nf3 Nc6 3. Bb5 Nge7 4. O-O g6 5. c3 Bg7 6. d4 exd4 7. cxd4 a6 8.
Ba4 d5 9. exd5 Qxd5 10. Nc3 Qh5 11. Bxc6+ Nxc6 12. Qe2+ Ne7 13. Re1 Bf6 14.
Ne4 Qf5 15. Nxf6+ Qxf6 16. Bg5 Qe6 17. Bxe7 Qxe2 18. Rxe2 Be6 19. Bf6 O-O
20. Ng5 Bd5 21. Re3 h6 22. Rh3 h5 23. g4 Be6 24. f3 Rfe8 25. gxh5 Bxh3 26.
h6 Re6 27. h7+ Kf8 28. h8=Q# {Black checkmated} 1-0

[Event "ICC tourney 2955 (40 10)"]
[Site "Internet Chess Club"]
[Date "2022.07.09"]
[Round "2"]
[White "Jiang, Zen:zenjiang"]
[Black "HESS, KARL ALAN:Khess33"]
[Result "1/2-1/2"]
[ICCResult "Game drawn by mutual agreement"]
[WhiteElo "748"]
[BlackElo "1253"]
[Opening "French: Winawer, advance variation"]
[ECO "C16"]
[NIC "FR.09"]
[Time "13:17:04"]
[PlyCount "95"]
[TimeControl "2400+10"]

1. e4 e6 2. d4 d5 3. Nc3 Bb4 4. e5 Ne7 5. Nf3 O-O 6. Bd3 Ng6 7. O-O h6 8.
Bxg6 fxg6 9. Qd3 Qe8 10. Nh4 g5 11. Ng6 Rf5 12. g4 Rf7 13. f4 gxf4 14. Rxf4
Rxf4 15. Bxf4 Nd7 16. Rf1 Nf8 17. Nxf8 Bxf8 18. Nb5 Qe7 19. Qg6 Qf7 20.
Qxf7+ Kxf7 21. Nxc7 Rb8 22. Bxh6+ Kg8 23. Bg5 Bd7 24. c3 a6 25. Nxe6 Bxe6
26. a3 Bxg4 27. Re1 Be6 28. h4 b5 29. b4 Rc8 30. Re3 Rc7 31. Kg2 Be7 32.
Bxe7 Rxe7 33. Kg3 g6 34. Kg2 Rh7 35. Kg3 Rf7 36. Rf3 Rxf3+ 37. Kxf3 Kg7 38.
Kf4 Kh6 39. Kg3 g5 40. hxg5+ Kxg5 41. Kf3 Kf5 42. Ke3 Bd7 43. Kf3 Kg5 44.
Ke3 Kg4 45. Ke2 Kf4 46. Kd2 Ke4 47. Kc2 Bf5 48. Kb2
{Game drawn by mutual agreement}
1/2-1/2